[Event "Team 45 45 League T27"]
[Site "Internet Chess Club"]
[Date "2005.07.06"]
[Round "4"]
[White "Tomate"]
[Black "tryanything"]
[Result "1-0"]
[WhiteElo "1395"]
[BlackElo "1428"]
[TimeControl "2700+45"]

1. d4 d5 2. c4 e6 3. Nc3 Nf6 4. Bg5 c5 5. Nf3 Nc6 6. e3 Be7 7. Be2 O-O 8. O-O
Na5 9. b3 cxd4 10. exd4 b6 11. cxd5 Nxd5 12. Bxe7 Nxe7 13. Qc2 Ng6 14. Rad1 Qf6
15. Ne4 Qe7 16. Rfe1 Bb7 17. Bd3 Rac8 18. Qb1 f5 19. Ned2 Qf6 20. b4 Bxf3 21.
Nxf3 Nc6 22. Bc4 Nd8 23. Qb3 Rc6 24. d5 Rd6 25. dxe6 Rxe6 26. Nd4 Nf4 27. Nxe6
Nfxe6 28. Bxe6+ Nxe6 29. Rxe6 Qf7 30. Rde1 Kh8 31. R1e5 Rc8 32. h3 h6 33. Rxh6+
gxh6 34. Qxf7 {Black resigns} 1-0

[Event "Team 45 45 League T27"]
[Site "Internet Chess Club"]
[Date "2005.07.10"]
[Round "4"]
[White "SandiaCaveMan"]
[Black "Heller"]
[Result "1-0"]
[WhiteElo "1337"]
[BlackElo "1315"]
[TimeControl "2700+45"]

1. e4 e5 2. Nf3 Nc6 3. Bb5 d6 4. Nc3 Bd7 5. O-O Nf6 6. d3 a6 7. Ba4 b5 8. Bb3 b4
9. Nd5 Be7 10. c3 a5 11. Bd2 Rb8 12. a3 bxc3 13. Bxc3 O-O 14. d4 Nxe4 15. dxe5
Nxc3 16. Nxe7+ Qxe7 17. exd6 Ne2+ 18. Kh1 cxd6 19. Re1 Qf6 20. Rxe2 Bg4 21. Bd5
Bxf3 22. Bxf3 Nd4 23. Re4 Nxf3 24. Qxf3 Qxb2 25. Ree1 Rbe8 26. Reb1 Qe5 27. g3
Re6 28. Kg2 d5 29. Kf1 d4 30. Re1 Qd6 31. Rxe6 Qxe6 32. Rd1 Rd8 33. Rxd4 Rxd4
34. Qa8+ {Black resigns} 1-0

[Event "Team 45 45 League T27"]
[Site "Internet Chess Club"]
[Date "2005.07.08"]
[Round "4"]
[White "nona"]
[Black "littleboo"]
[Result "1-0"]
[WhiteElo "1388"]
[BlackElo "1212"]
[TimeControl "2700+45"]

1. e4 e5 2. Nf3 Nc6 3. Bb5 Nf6 4. d3 Bc5 5. c3 O-O 6. O-O d5 7. Bxc6 bxc6 8.
Nxe5 Qd6 9. d4 Bb6 10. exd5 cxd5 11. Qd3 Nd7 12. Bf4 Nxe5 13. Bxe5 Qh6 14. Nd2
Re8 15. Qg3 g6 16. Nf3 f5 17. Rae1 Ba6 18. Bf4 Qf8 19. Rxe8 Rxe8 20. Rd1 Bc4 21.
Qh4 Be2 22. Bh6 Qf7 23. Ne5 Rxe5 24. dxe5 Bxd1 25. Qd8+ {Black resigns} 1-0

[Event "Team 45 45 League T27"]
[Site "Internet Chess Club"]
[Date "2005.07.16"]
[Round "4"]
[White "Tom45"]
[Black "Dalcon"]
[Result "0-1"]
[WhiteElo "1052"]
[BlackElo "1219"]
[TimeControl "2700+45"]

1. e4 c5 2. Nf3 d6 3. h3 Nf6 4. d3 e6 5. Nc3 Nc6 6. a3 Qa5 7. Bd2 Qd8 8. Be2 Be7
9. O-O O-O 10. b4 cxb4 11. axb4 Nxb4 12. Qb1 a5 13. d4 Bd7 14. e5 Nfd5 15. Nxd5
exd5 16. Bxb4 axb4 17. exd6 Bxd6 18. Rxa8 Qxa8 19. Bd3 g6 20. Qb3 Bc6 21. Qb2 f6
22. g3 Qa3 23. Qxa3 bxa3 24. h4 Bb4 25. g4 Bc3 26. h5 g5 27. Kg2 a2 28. h6 a1=Q
29. Bf5 Qxf1+ 30. Kxf1 Kh8 31. Kg2 Ra8 32. Kh3 Ra2 33. Nxg5 fxg5 {White resigns}
0-1

[Event "Team 45 45 League T27"]
[Site "Internet Chess Club"]
[Date "2005.07.07"]
[Round "4"]
[White "cazj"]
[Black "Trixi"]
[Result "0-1"]
[WhiteElo "1365"]
[BlackElo "1446"]
[TimeControl "2700+45"]

1. e4 e5 2. Nf3 Nc6 3. Bc4 Bc5 4. Nc3 Nf6 5. d3 d6 6. Qe2 Bg4 7. Be3 Bd4 8. O-O
O-O 9. Rab1 Nh5 10. h3 Be6 11. Nxe5 Bxe5 12. Bxe6 fxe6 13. Qxh5 Qf6 14. Nd1 Nd4
15. c3 g6 16. Qg4 h5 17. Qg5 Ne2+ 18. Kh1 Qxg5 19. Bxg5 Ng3+ 20. Kg1 Nxf1 21.
Kxf1 Bf4 22. Bxf4 Rxf4 23. f3 Kf7 24. d4 d5 25. e5 Ke7 26. Ne3 b6 27. Kf2 g5 28.
g3 Rf7 29. Rf1 Raf8 30. Kg2 c5 31. b3 a6 32. Nc2 Rc8 33. Rf2 cxd4 34. cxd4 Rc3
35. Ne1 h4 36. gxh4 gxh4 37. f4 Rg7+ 38. Kf1 Rxh3 39. Nf3 Rgg3 40. Ke2 Rh1 41.
a3 h3 42. Nh4 Rb1 43. b4 Rb2+ 44. Kf1 h2 45. Rxb2 h1=Q+ 46. Ke2 Qh2+ 47. Kd1
Qxb2 48. f5 Rg1# {White checkmated} 0-1

[Event "Team 45 45 League T27"]
[Site "Internet Chess Club"]
[Date "2005.07.08"]
[Round "4"]
[White "N20863"]
[Black "Midwest-Rook"]
[Result "0-1"]
[WhiteElo "1354"]
[BlackElo "1298"]
[TimeControl "2700+45"]

1. e4 e5 2. Nf3 Nc6 3. Bb5 Bc5 4. Bxc6 dxc6 5. O-O Qf6 6. h3 g5 7. g4 h5 8. Nxg5
Qxg5 9. d4 Qh4 10. dxc5 Qxh3 11. Bg5 f6 {White resigns} 0-1

[Event "Team 45 45 League T27"]
[Site "Internet Chess Club"]
[Date "2005.07.10"]
[Round "4"]
[White "markev"]
[Black "WannaB"]
[Result "1/2-1/2"]
[WhiteElo "1290"]
[BlackElo "1134"]
[TimeControl "2700+45"]

1. d4 Nf6 2. c4 e6 3. a3 Be7 4. Nc3 d6 5. e4 Bd7 6. Nf3 Bc6 7. d5 exd5 8. cxd5
Bd7 9. h3 c6 10. Qb3 Qb6 11. Qc2 cxd5 12. exd5 O-O 13. Be3 Qc7 14. Bd3 g6 15.
O-O a5 16. Qe2 b5 17. Bf4 Re8 18. Nxb5 Bxb5 19. Bxb5 Nxd5 20. Bxe8 Nxf4 21. Qe4
d5 22. Qe3 Kf8 23. Rac1 Qd6 24. Bb5 Nd7 25. Qc3 Ne2+ 26. Bxe2 Bf6 27. Qe3 Bxb2
28. Rc2 Bxa3 29. Qh6+ Kg8 30. Ng5 Nf6 31. Re1 Bb4 32. Rec1 Qf8 33. Qxf8+ Rxf8
34. Rc8 Rxc8 35. Rxc8+ Kg7 36. Rc7 Kh6 37. Nxf7+ Kg7 38. Ne5+ Kh6 39. Ng4+ Nxg4
40. hxg4 d4 41. Rd7 Bc3 42. Rd5 a4 43. Bc4 a3 44. Ra5 Bxa5 45. Kf1 g5 46. Ke2
Kg6 47. Kd3 Bb6 48. g3 h6 49. Ke4 Kf6 50. f4 gxf4 51. gxf4 Kg7 52. Kd3 Kf6 53.
Ke4 Kg7 54. Kd3 Kf6 55. Ke4 Kg6 56. Bb3 Kf6 57. Kd3 Kg6 58. Kc4 h5 59. gxh5+
Kxh5 60. Kb4 d3 61. Kxa3 Bc5+ 62. Ka4 Be3 63. f5 Kg5 64. Kb4 d2 65. Kc3 Kxf5 66.
Kd3 Kf4 67. Bd1 Ke5 68. Kxe3 Kd5 69. Kxd2 {Game drawn because neither player has
mating material} 1/2-1/2

[Event "Team 45 45 League T27"]
[Site "Internet Chess Club"]
[Date "2005.07.07"]
[Round "4"]
[White "DayDream01"]
[Black "rpgrossman"]
[Result "1-0"]
[WhiteElo "1105"]
[BlackElo "982"]
[TimeControl "2700+45"]

1. d4 Nc6 2. Bd2 e5 3. d5 Nd4 4. Bc3 Bc5 5. e3 Qe7 6. exd4 exd4+ 7. Qe2 dxc3 8.
Qxe7+ Nxe7 9. Nxc3 Bb4 10. O-O-O Bxc3 11. bxc3 Nxd5 12. Rxd5 O-O 13. Nf3 b6 14.
Bd3 d6 15. h4 Be6 16. Rh5 g6 17. Rg5 f6 18. Rg3 Bxa2 19. Nd4 c5 20. Nf5 d5 21.
Re1 Bc4 22. Ne7+ Kf7 23. h5 Bxd3 24. cxd3 Rae8 25. Rge3 gxh5 26. Nxd5 Rxe3 27.
Rxe3 Re8 28. Rxe8 Kxe8 29. Nxf6+ Kf7 30. Nxh5 Kg6 31. Nf4+ Kg5 32. g3 h5 33. f3
h4 34. Ne2 h3 35. Ng1 h2 36. Nh3+ Kh5 37. Nf2 a5 38. Kb2 Kg5 39. Kb3 Kf6 40. g4
Kg5 41. d4 Kf4 42. d5 Kxf3 43. Nh1 Kg2 44. d6 Kxh1 45. d7 Kg2 46. d8=Q h1=Q 47.
Qd5+ Kh2 48. Qxh1+ Kxh1 49. g5 Kh2 50. g6 b5 51. g7 a4+ 52. Ka2 b4 53. cxb4 cxb4
54. g8=Q b3+ 55. Ka3 Kh3 56. Qa8 Kg3 57. Qxa4 b2 58. Kxb2 Kf3 59. Kc2 Kg3 60.
Kd2 Kf2 61. Qe4 Kg3 62. Ke2 Kh2 63. Kf2 Kh3 64. Kf3 Kh2 65. Qg4 {Black resigns}
1-0

[Event "Team 45 45 League T27"]
[Site "Internet Chess Club"]
[Date "2005.07.07"]
[Round "4"]
[White "nursey"]
[Black "allanchs"]
[Result "0-1"]
[WhiteElo "1659"]
[BlackElo "1642"]
[TimeControl "2700+45"]

1. e4 e5 2. Nf3 Nc6 3. Bb5 a6 4. Ba4 Nf6 5. O-O Be7 6. Re1 b5 7. Bb3 d6 8. c3
Na5 9. d4 Nxb3 10. axb3 Bg4 11. dxe5 dxe5 12. Qxd8+ Rxd8 13. Nxe5 Rd1 14. Rxd1
Bxd1 15. Rxa6 O-O 16. Ra7 Bd6 17. Bf4 Re8 18. Nd3 Bc2 19. Bxd6 cxd6 20. Nf4 Bxb1
21. f3 Bc2 22. b4 Bb3 23. Kf2 d5 24. exd5 Nxd5 25. Nxd5 Bxd5 26. Rd7 Bc4 27. Kg3
Kf8 28. Kf4 Re2 29. g3 Rxh2 30. b3 Bxb3 31. Kg5 Bc4 32. Kf4 Rc2 33. Ke5 Rxc3 34.
Ke4 Rb3 {White resigns} 0-1

[Event "Team 45 45 League T27"]
[Site "Internet Chess Club"]
[Date "2005.07.08"]
[Round "4"]
[White "Pawndemonium"]
[Black "mickeys"]
[Result "0-1"]
[WhiteElo "1539"]
[BlackElo "1607"]
[TimeControl "2700+45"]

1. Nf3 f5 2. g3 g6 3. Bg2 Bg7 4. d3 Nf6 5. Nc3 O-O 6. Bg5 c6 7. Qd2 d5 8. Bh6
Qd6 9. Bxg7 Kxg7 10. h4 e5 11. O-O-O Na6 12. Ng5 d4 13. Nb1 Nb4 14. Rdg1 Ng4 15.
f3 Ne3 16. h5 Nxa2# {White checkmated} 0-1

[Event "Team 45 45 League T27"]
[Site "Internet Chess Club"]
[Date "2005.07.10"]
[Round "4"]
[White "fgameiro"]
[Black "batttoman"]
[Result "0-1"]
[WhiteElo "1508"]
[BlackElo "1449"]
[TimeControl "2700+45"]

1. e4 e5 2. Nf3 Nc6 3. Bb5 a6 4. Ba4 Nf6 5. O-O Nxe4 6. d4 b5 7. Bb3 d5 8. Nxe5
Nxe5 9. dxe5 c6 10. a3 Bc5 11. Nd2 Nxf2 12. Rxf2 Qb6 13. Qf3 Bxf2+ 14. Qxf2
Qxf2+ 15. Kxf2 Be6 16. Ba2 c5 17. Nb3 Rc8 18. c3 h6 19. Be3 d4 20. cxd4 cxd4 21.
Nxd4 Bxa2 22. Rxa2 O-O 23. Bd2 Rfd8 24. Bc3 Rc4 25. Nf3 Re8 26. Ra1 a5 27. Ke3
b4 28. axb4 axb4 29. Kd3 Rc5 30. Bxb4 Rd8+ 31. Ke3 Rcd5 32. Bc3 Kh7 33. Ra7 R8d7
34. Rxd7 Rxd7 35. Nd4 Kg6 36. Kf4 Ra7 37. Nf3 Ra4+ 38. Bd4 Kh7 39. g3 Kg8 40.
Ke3 Kf8 41. h4 Ke7 42. Bc5+ Ke6 43. Bd4 Kf5 44. Nh2 h5 45. Kd3 Ra1 46. e6 fxe6
47. Bxg7 e5 48. Bh6 Rh1 49. b4 Rxh2 50. b5 Rb2 51. Kc4 Ke6 52. Kc5 Rc2+ 53. Kb6
Kd7 54. Kb7 Rc7+ 55. Ka6 Kc8 56. b6 Rc6 57. Be3 Kb8 58. Kb5 Kb7 59. Kb4 Rc2 60.
Kb3 Rg2 61. Kc3 Rxg3 62. Kd2 Rg4 63. Bf2 Ra4 64. Ke2 e4 65. Be3 Ra2+ 66. Bd2
Kxb6 67. Ke3 Ra4 68. Be1 Kc5 69. Kf4 Kd4 70. Kg5 Ra1 71. Bf2+ e3 72. Bg3 Ra5+
73. Kf4 Kd3 74. Be1 Ra1 75. Bg3 Rg1 76. Bh2 e2 {White resigns} 0-1

[Event "Team 45 45 League T27"]
[Site "Internet Chess Club"]
[Date "2005.07.09"]
[Round "4"]
[White "Joyoyo"]
[Black "ATLfalcons"]
[Result "1/2-1/2"]
[WhiteElo "1649"]
[BlackElo "1786"]
[TimeControl "2700+45"]

1. e4 e5 2. Nf3 Nc6 3. Bb5 a6 4. Ba4 Nf6 5. O-O b5 6. Bb3 d6 7. Re1 Be7 8. c3
O-O 9. d3 Na5 10. Bc2 c5 11. Nbd2 Bb7 12. Nf1 Qc7 13. a4 bxa4 14. Bxa4 Qb6 15.
Rb1 Rac8 16. Ng3 Bd8 17. Nf5 c4 18. Bg5 h6 19. Be3 Qc7 20. b4 cxb3 21. Bxb3 Ng4
22. Bd2 Nxb3 23. Qxb3 Rb8 24. h3 Nf6 25. Be3 Bxe4 26. Qxb8 Bxf5 27. Qxc7 Bxc7
28. Rb7 Rc8 29. Rd1 Nd5 30. c4 Nf6 31. Kf1 a5 32. Bb6 Bxb6 33. Rxb6 Bxd3+ 34.
Rxd3 e4 35. Rdxd6 exf3 36. Rbc6 fxg2+ 37. Kxg2 Rb8 38. Ra6 Ne4 39. Rd4 Ng5 40.
Rxa5 Ne6 41. Re4 Rb2 42. c5 Rc2 43. Re5 Kf8 44. Kg3 g5 45. f3 Kg7 46. h4 gxh4+
47. Kxh4 Nd4 48. Rd5 {Game drawn by mutual agreement} 1/2-1/2

[Event "Team 45 45 League T27"]
[Site "Internet Chess Club"]
[Date "2005.07.11"]
[Round "4"]
[White "claymil"]
[Black "JesterFox"]
[Result "0-1"]
[WhiteElo "1673"]
[BlackElo "1568"]
[TimeControl "2700+45"]

1. c4 c5 2. Nc3 Nc6 3. g3 g6 4. Bg2 Bg7 5. e3 Nf6 6. Nge2 a6 7. a3 Rb8 8. d4
cxd4 9. exd4 e6 10. O-O O-O 11. b4 Re8 12. Re1 Ne7 13. Ra2 d5 14. Bf4 Ra8 15. c5
b6 16. Qc1 Bd7 17. a4 Nc6 18. b5 axb5 19. axb5 Rxa2 20. Nxa2 Na5 21. c6 Bc8 22.
Qa3 Bf8 23. Qc1 Nc4 24. Nac3 Re7 25. Ne4 Ra7 26. Nxf6+ Qxf6 27. Bg5 Qf5 28. Be3
Ra2 29. Nf4 Qc2 30. Qxc2 Rxc2 31. Bh3 Rb2 32. Nxd5 Rxb5 33. Nf6+ Kh8 34. Ra1 Na5
35. d5 Bg7 36. Bxb6 Rxb6 37. Rxa5 Bxf6 38. Ra8 Kg7 39. Rxc8 exd5 40. Rc7 Be5 41.
Rc8 Kf6 42. Bf1 Ke7 43. Bg2 Rb1+ 44. Bf1 Rc1 45. Kg2 d4 46. h3 Kd6 47. f4 Bf6
48. Kf3 Rxf1+ 49. Ke4 Re1+ 50. Kf3 Rc1 51. Rf8 Ke7 52. Rc8 d3 53. Ke3 Bc3 54.
Kxd3 Ba5 55. Ke2 Kd6 56. Kf3 Rxc6 57. Rxc6+ Kxc6 58. g4 Kd7 59. Ke4 Ke7 60. h4
f6 61. h5 Kf7 62. hxg6+ hxg6 63. Kf3 Ke6 64. Ke4 f5+ 65. gxf5+ gxf5+ 66. Ke3 Kd5
67. Kd3 Bc7 68. Ke3 Bb6+ 69. Kd3 Bg1 70. Ke2 Ke4 71. Kf1 Be3 72. Kg2 Bxf4 73.
Kf2 Be3+ 74. Kg2 f4 75. Kf1 Kf3 76. Ke1 Kg2 77. Ke2 f3+ {White resigns} 0-1

[Event "Team 45 45 League T27"]
[Site "Internet Chess Club"]
[Date "2005.07.09"]
[Round "4"]
[White "reijo"]
[Black "alaskauk"]
[Result "1/2-1/2"]
[WhiteElo "1579"]
[BlackElo "1450"]
[TimeControl "2700+45"]

1. d4 d5 2. c4 c6 3. Nf3 Bg4 4. Nc3 Bxf3 5. exf3 dxc4 6. a4 Nf6 7. Bxc4 e6 8.
O-O Bb4 9. Be3 O-O 10. Qb3 a5 11. Ne4 Nd5 12. Rfd1 Nd7 13. Nc5 Nxe3 14. fxe3
Nxc5 15. dxc5 Qe7 16. Rd3 Rfd8 17. Rad1 Rxd3 18. Rxd3 Rd8 19. Qd1 Rxd3 20. Qxd3
Bxc5 21. Kf1 g6 22. Ke2 Bb4 23. Qd4 e5 24. Qg4 Qd8 25. Bd3 Kg7 26. h4 f5 27. Qg3
Qf6 28. Qh3 e4 29. fxe4 Qxb2+ 30. Kf3 Qd2 31. Qg3 fxe4+ 32. Kxe4 Qa2 33. Qe5+
Kg8 34. Qb8+ Kg7 35. Qc7+ Kh6 36. Qf4+ Kg7 37. Qe5+ Kg8 38. Qb8+ Kf7 39. Qxb7+
Be7 40. Kf3 Qd5+ 41. Be4 Qd1+ 42. Kf2 Qd2+ 43. Kf3 Qd1+ 44. Kf2 Qd2+ 45. Kf3
Qd1+ 46. Kf2 {Game drawn by repetition} 1/2-1/2

[Event "Team 45 45 League T27"]
[Site "Internet Chess Club"]
[Date "2005.07.10"]
[Round "4"]
[White "mogwop"]
[Black "kevinfons"]
[Result "1-0"]
[WhiteElo "1449"]
[BlackElo "1428"]
[TimeControl "2700+45"]

1. d4 d5 2. Nf3 e6 3. e3 Nf6 4. Bd3 c5 5. c3 c4 6. Bc2 Nc6 7. Nbd2 g6 8. O-O Bg7
9. e4 dxe4 10. Nxe4 Nxe4 11. Bxe4 O-O 12. Bf4 Ne7 13. Qd2 Nd5 14. Bh6 b5 15.
Bxg7 Kxg7 16. a3 Bb7 17. Rfe1 Rb8 18. Rad1 Nf6 19. Bxb7 Rxb7 20. Qf4 Nd5 21.
Qe5+ Qf6 22. Qxf6+ Nxf6 23. Ne5 Rc7 24. h3 a5 25. Ra1 Nd5 26. g3 f6 27. Ng4 Re8
28. Ne3 Ree7 29. Nxd5 exd5 30. Rxe7+ Rxe7 31. Kf1 Kf7 32. Re1 h5 33. Rxe7+ Kxe7
34. f4 Ke6 35. h4 Kf5 36. Kf2 Kg4 37. Kg2 g5 38. fxg5 fxg5 39. hxg5 Kxg5 40. Kf3
h4 41. gxh4+ Kxh4 42. Kf4 Kh3 43. Ke5 Kg3 44. Kxd5 Kf3 45. Kc5 Ke3 46. d5 Kd3
47. d6 Kc2 48. Kxb5 Kxb2 49. Kxc4 {Black resigns} 1-0

[Event "Team 45 45 League T27"]
[Site "Internet Chess Club"]
[Date "2005.07.11"]
[Round "4"]
[White "MiroslavR"]
[Black "camembert"]
[Result "0-1"]
[WhiteElo "2003"]
[BlackElo "1841"]
[TimeControl "2700+45"]

1. e4 e5 2. Nf3 Nc6 3. Bb5 a6 4. Ba4 Nf6 5. d3 d6 6. c3 g6 7. Nbd2 Bg7 8. Nf1
O-O 9. Ng3 b5 10. Bc2 d5 11. Qe2 Re8 12. O-O Bb7 13. Re1 b4 14. Bg5 h6 15. exd5
Qxd5 16. Bb3 Qd6 17. Bxf6 Qxf6 18. Ne4 Qe7 19. Qe3 Na5 20. Ba4 Bc6 21. Bxc6 Nxc6
22. Qc5 Qxc5 23. Nxc5 bxc3 24. bxc3 a5 25. Rab1 Reb8 26. g3 Rxb1 27. Rxb1 Rb8
28. Rxb8+ Nxb8 29. a4 e4 30. Nxe4 f5 31. Nc5 Bxc3 32. Ne6 Nd7 33. Nxc7 Nb6 34.
Nb5 Bb4 35. Ne5 Kg7 36. d4 Nxa4 37. d5 Nc3 38. Nxc3 Bxc3 39. Nc4 a4 40. Na3 Bb4
41. Nc2 Bd6 42. f4 a3 43. Kf2 a2 44. Ke3 Be7 45. Kd4 Bf6+ 46. Kc5 Kf7 47. d6
a1=Q 48. Nxa1 Bxa1 49. Kc6 g5 50. Kc7 Ke6 51. d7 Bf6 52. d8=Q Bxd8+ 53. Kxd8 Kd5
54. Ke7 gxf4 55. gxf4 Ke4 56. Kf6 Kxf4 57. h4 Kg4 58. h5 f4 59. Kg6 f3 60. Kxh6
f2 61. Kg6 f1=Q 62. h6 Qf8 63. Kh7 Kf4 64. Kg6 Qh8 {White resigns} 0-1

[Event "Team 45 45 League T27"]
[Site "Internet Chess Club"]
[Date "2005.07.12"]
[Round "4"]
[White "six-killer"]
[Black "Gandalf"]
[Result "0-1"]
[WhiteElo "1767"]
[BlackElo "1895"]
[TimeControl "2700+45"]

1. e4 c6 2. d4 d5 3. exd5 cxd5 4. Bd3 Nf6 5. c3 Bg4 6. Qb3 Qc7 7. Na3 a6 8. Bf4
Qc6 9. Nb5 Qe6+ 10. Kf1 axb5 11. Re1 Qb6 12. Bxb5+ Bd7 13. a4 Bxb5+ 14. axb5
Nbd7 15. Nf3 e6 16. c4 dxc4 17. Qxc4 Bd6 18. Be3 Nd5 19. Bd2 O-O 20. h4 Rfc8 21.
Qd3 N7f6 22. Ng5 Bf4 23. Bxf4 Nxf4 {White resigns} 0-1

[Event "Team 45 45 League T27"]
[Site "Internet Chess Club"]
[Date "2005.07.12"]
[Round "4"]
[White "ChessJunior"]
[Black "RD1974"]
[Result "0-1"]
[WhiteElo "1761"]
[BlackElo "1771"]
[TimeControl "2700+45"]

1. e4 c5 2. Nf3 Nc6 3. d4 cxd4 4. Nxd4 Nf6 5. Nc3 e6 6. f3 Bb4 7. Bg5 Qa5 8.
Nxc6 Bxc3+ 9. bxc3 Qxc3+ 10. Bd2 Qxc6 11. Bd3 O-O 12. O-O Qc5+ 13. Kh1 e5 14.
Rb1 a5 15. Qe2 h6 16. Rb5 Qc7 17. f4 d6 18. f5 Bd7 19. Rb2 Bc6 20. c4 Kh8 21.
Qf3 Qd7 22. Re1 Rfb8 23. Reb1 Qe8 24. Be3 Nd7 25. g4 f6 26. h4 Qe7 27. Kh2 Rd8
28. Rg2 Nc5 29. Bc2 Qf8 30. g5 fxg5 31. hxg5 hxg5 32. Rxg5 Rd7 33. Rbg1 Qf6 34.
Qh5+ Qh6 35. Qxh6+ gxh6 36. Rh5 Rh7 37. Bxh6 Rg8 38. Rxg8+ Kxg8 39. Rg5+ Kf7 40.
Rg6 Nxe4 41. Bxe4 Bxe4 42. Rxd6 Bxf5 43. Kg3 Ke7 44. Rb6 Be4 45. Kf2 Bc6 46. Be3
Rh2+ 47. Ke1 a4 48. a3 Rc2 49. Rb4 Ke6 50. Bc5 Rh2 51. Be3 Kf5 52. Kf1 Kg4 53.
c5+ Kf3 54. Bg1 Ra2 55. Rb1 Rxa3 56. Ke1 Rb3 57. Ra1 a3 58. Bh2 e4 59. Be5 Bd5
60. Bd4 Rd3 61. Rd1 Rb3 62. Ra1 b5 63. Rc1 a2 64. Rc3+ e3 65. Rxb3 Bxb3 66. c6
Be6 67. c7 Ke4 68. Bb2 Kd3 69. Ba1 Kc2 70. Ke2 b4 71. Kxe3 b3 {White resigns}
0-1

[Event "Team 45 45 League T27"]
[Site "Internet Chess Club"]
[Date "2005.07.10"]
[Round "4"]
[White "jmc860"]
[Black "rayonline53"]
[Result "0-1"]
[WhiteElo "1554"]
[BlackElo "1624"]
[TimeControl "2700+45"]

1. e4 c6 2. d4 d5 3. e5 Bf5 4. Nf3 e6 5. Be2 c5 6. c3 Nc6 7. Nbd2 Qb6 8. Qb3 Qc7
9. Qd1 Bg6 10. Nh4 cxd4 11. Nxg6 hxg6 12. f4 dxc3 13. bxc3 Bc5 14. Rb1 Nge7 15.
Nb3 Bb6 16. Nd4 Nxd4 17. cxd4 Qc3+ 18. Kf1 O-O 19. Bb2 Qe3 20. g3 Nf5 21. Qd3
Rfc8 22. Qxe3 Nxe3+ 23. Kf2 Nc4 24. Rhd1 Rc7 25. h3 Rac8 26. Ke1 Ba5+ 27. Kf2
Nd2 28. Rbc1 Ne4+ 29. Kg2 Rc2 30. Kf3 Rxc1 31. Rxc1 Rxc1 32. Bxc1 Nc3 33. a3
Nxe2 34. Kxe2 Kf8 35. Bd2 Bxd2 36. Kxd2 Ke7 37. Kc3 Kd7 38. Kb4 Kc6 39. a4 Kb6
40. a5+ Kc6 41. g4 a6 42. Ka4 b6 43. axb6 Kxb6 44. h4 a5 45. h5 gxh5 46. gxh5
Ka6 47. Kb3 Kb5 48. Kc3 a4 49. Kc2 Kc4 {White resigns} 0-1

[Event "Team 45 45 League T27"]
[Site "Internet Chess Club"]
[Date "2005.07.10"]
[Round "4"]
[White "martineden"]
[Black "MikkoN"]
[Result "1/2-1/2"]
[WhiteElo "1833"]
[BlackElo "1897"]
[TimeControl "2700+45"]

1. d4 d6 2. c4 e5 3. Nf3 e4 4. Ng5 f5 5. Nc3 Be7 6. Nh3 c6 7. e3 Nf6 8. Nf4 Na6
9. h4 O-O 10. Be2 Nc7 11. d5 cxd5 12. cxd5 Nd7 13. g3 Bf6 14. Bd2 Be5 15. Qc2
Nf6 16. O-O Bd7 17. Kg2 Kh8 18. Rac1 Rc8 19. Qb3 Rb8 20. Nb5 Bxb5 21. Bxb5 Bxf4
22. exf4 Ncxd5 23. Bc4 Nb6 24. Ba5 Nfd7 25. Rfd1 Qe7 26. Be2 Rbc8 27. Qa3 Rxc1
28. Rxc1 Nc5 29. Bb4 Rc8 30. Ba5 Nd5 31. b4 b6 32. bxc5 bxa5 33. cxd6 Qd8 34.
Rxc8 Qxc8 35. Qxa5 Qa8 36. Qc5 {Game drawn by mutual agreement} 1/2-1/2

[Event "Team 45 45 League T27"]
[Site "Internet Chess Club"]
[Date "2005.07.10"]
[Round "4"]
[White "TeroL"]
[Black "alastorx"]
[Result "1-0"]
[WhiteElo "1945"]
[BlackElo "1700"]
[TimeControl "2700+45"]

1. e4 d5 2. exd5 Qxd5 3. Nc3 Qa5 4. d4 Nf6 5. Nf3 Nc6 6. Bd2 a6 7. h3 Bf5 8. Bc4
Qb6 9. d5 Nb4 10. O-O O-O-O 11. Bf4 Nbxd5 12. Nxd5 Nxd5 13. Bxd5 e6 14. Be3 c5
15. Bxb7+ Qxb7 16. Qe2 Bd6 17. Rad1 Qb5 18. c4 Qc6 19. Nh4 Be4 20. f3 Bg6 21.
Nxg6 hxg6 22. Rd2 Bb8 23. Rfd1 Qc7 24. Kf1 Rxd2 25. Qxd2 Ba7 26. Qd6 Bb6 27. Ke2
Qxd6 28. Rxd6 Kc7 29. Rd3 Kc6 30. a3 Rh4 31. b3 a5 32. Bf2 Rh5 33. Bg3 Bc7 34.
Bxc7 Kxc7 35. Kd2 Re5 36. Re3 Rxe3 37. Kxe3 Kc6 38. f4 f6 39. g4 a4 40. bxa4 Kb6
41. Ke4 Ka5 42. f5 e5 43. Kd5 Kxa4 44. Kxc5 Kxa3 45. Kd5 Kb4 46. c5 Kb5 47. c6
Kb6 48. Kd6 {Black resigns} 1-0

[Event "Team 45 45 League T27"]
[Site "Internet Chess Club"]
[Date "2005.07.10"]
[Round "4"]
[White "searchforbobby1"]
[Black "Catalog"]
[Result "0-1"]
[WhiteElo "2115"]
[BlackElo "2110"]
[TimeControl "2700+45"]

1. e4 c5 2. Nf3 d6 3. d4 cxd4 4. Nxd4 Nf6 5. Nc3 g6 6. Be3 Bg7 7. f3 O-O 8. Qd2
Nc6 9. Bc4 Bd7 10. h4 Rc8 11. Bb3 h5 12. O-O-O Ne5 13. Qe2 Rxc3 14. bxc3 Qa5 15.
Kb1 b5 16. Bc1 Rc8 17. Bb2 Qb6 18. g4 Nc4 19. g5 Ne8 20. f4 Bg4 21. Qd3 Bxd1 22.
Rxd1 a5 23. a3 Nxb2 24. Kxb2 b4 25. cxb4 axb4 26. axb4 Qxb4 27. c3 Qb6 28. f5
Kh7 29. fxg6+ fxg6 30. Rd2 Nc7 31. Qc4 Qb7 32. Re2 Na6 33. Qd5 Qb6 34. Rf2 Nc5
35. Rf7 Na4+ 36. Ka3 Nxc3 37. Rxg7+ Kxg7 38. Qf7+ Kh8 39. Qxg6 Qc5+ 40. Kb2 Nd1+
41. Ka2 Ra8+ 42. Kb1 Ra1+ 43. Kxa1 Qc1+ {White resigns} 0-1

[Event "Team 45 45 League T27"]
[Site "Internet Chess Club"]
[Date "2005.07.10"]
[Round "4"]
[White "EdBorowski"]
[Black "StrayLite"]
[Result "0-1"]
[WhiteElo "2042"]
[BlackElo "1983"]
[TimeControl "2700+45"]

1. d4 d5 2. Nf3 Nf6 3. Bg5 Ne4 4. Bh4 c5 5. e3 Qb6 6. Qc1 Nc6 7. c3 Bd7 8. Bd3
Rc8 9. O-O h6 10. Qc2 Nd6 11. dxc5 Qxc5 12. Bg3 e6 13. Nbd2 Be7 14. a3 O-O 15.
e4 Nxe4 16. Nxe4 dxe4 17. Bxe4 f5 18. Bd3 f4 19. Bh4 g5 20. b4 Qb6 21. Rad1 Qc7
22. Bc4 Kg7 23. Qa2 Nd8 24. Qe2 Ba4 25. Rd4 Bf6 26. Bxe6 Nxe6 27. Qxe6 Bxd4 28.
Nxd4 Qf7 29. Bxg5 hxg5 30. Qg4 Kh6 31. Re1 Bd7 32. Ne6 Qf5 {White resigns} 0-1

[Event "Team 45 45 League T27"]
[Site "Internet Chess Club"]
[Date "2005.07.07"]
[Round "4"]
[White "PaulKaspar"]
[Black "Aldos"]
[Result "1/2-1/2"]
[WhiteElo "1842"]
[BlackElo "1988"]
[TimeControl "2700+45"]

1. e4 d5 2. exd5 Qxd5 3. Nc3 Qd6 4. d3 Nf6 5. Nf3 Bg4 6. Be2 Nc6 7. O-O e6 8. h3
Bh5 9. Ng5 Bxe2 10. Qxe2 h6 11. Nge4 Nxe4 12. Nxe4 Qd7 13. c3 O-O-O 14. d4 Be7
15. Bf4 g5 16. Bh2 f5 17. Nc5 Bxc5 18. dxc5 f4 19. Rfd1 Qe7 20. b4 Qf6 21. Qc2
Ne7 22. b5 Nd5 23. c4 Ne7 24. Qa4 Kb8 25. Rab1 Nf5 26. Rxd8+ Rxd8 27. c6 Nd4 28.
b6 axb6 29. cxb7 Kxb7 30. c5 Ra8 31. Qd7 Ra6 32. cxb6 Rxb6 33. Re1 Nc2 34. Rd1
Qb2 35. a4 Qa2 36. Kh1 Rb1 37. Rxb1+ Qxb1+ 38. Bg1 Qb3 39. a5 Qc4 40. Qh7 f3 41.
g4 Ka7 42. Kh2 Kb7 43. a6+ Kxa6 44. Qxh6 Nd4 45. Qf8 c5 46. Qa8+ Kb5 47. Qb8+
Ka4 48. Qb1 Qc2 49. Qxc2+ Nxc2 50. h4 gxh4 51. Kh3 c4 52. Bh2 Nd4 53. Be5 Nc6
54. Bf4 c3 55. Kxh4 Kb3 56. Be3 Kb2 57. Kg3 Ne5 58. Bd4 Nc6 59. Bf6 e5 60. Kxf3
c2 61. Bg5 Ne7 62. Ke4 Ng6 63. Be3 c1=Q 64. Bxc1+ Kxc1 65. Kf5 Nf8 66. Kxe5 Kd2
67. f4 Ke3 68. f5 Kf3 69. g5 Kg4 70. g6 Kg5 71. g7 Nd7+ 72. Ke6 Nf6 73. Kf7 Kxf5
74. g8=Q Nxg8 {Game drawn because neither player has mating material} 1/2-1/2

[Event "Team 45 45 League T27"]
[Site "Internet Chess Club"]
[Date "2005.07.10"]
[Round "4"]
[White "tarheels"]
[Black "six-killer"]
[Result "1/2-1/2"]
[WhiteElo "1765"]
[BlackElo "1778"]
[TimeControl "2700+45"]

1. e4 c5 2. Nf3 d6 3. Bb5+ Bd7 4. Bxd7+ Qxd7 5. c3 Nc6 6. d4 cxd4 7. cxd4 Nf6 8.
Nc3 e6 9. O-O Be7 10. Bf4 O-O 11. d5 Nd8 12. Qd3 Nh5 13. Be3 e5 14. Rac1 a6 15.
b3 b5 16. Ne2 Nb7 17. Bg5 Bxg5 18. Nxg5 Qg4 19. Nh3 Nc5 20. Qe3 Qxe4 21. Qxe4
Nxe4 22. Rc6 Rfc8 23. Rfc1 Rxc6 24. Rxc6 Nhf6 25. f3 Nc5 26. Rxd6 Kf8 27. Rc6
Ncd7 28. Nc3 b4 29. Ne4 Nxd5 30. Rd6 N7b6 31. Nhg5 h6 32. Nh3 Ke7 33. Rc6 Rc8
34. Rxc8 Nxc8 35. Nhf2 f5 36. Nc5 Nc3 37. Nxa6 Nxa2 38. Nd3 Kd6 39. Naxb4 Nxb4
40. Nxb4 Kc5 41. Nc2 Nd6 42. Kf2 Nb5 43. Ke3 g5 44. Kd3 Nd6 45. b4+ Kb5 46. Kc3
e4 47. Nd4+ Kb6 48. Nxf5 exf3 49. Ne3 f2 50. Kd3 Nf5 51. Nf1 Kb5 52. Ke2 Kxb4
53. Kxf2 Kc3 54. Kf3 Nh4+ 55. Kg3 Kd3 56. Kf2 Nf5 57. g3 h5 58. h3 g4 59. hxg4
hxg4 60. Nh2 Nxg3 61. Kxg3 Ke4 62. Nxg4 {Game drawn because neither player has
mating material} 1/2-1/2